TOP OF THE 1ST |
University of Georgia Bulldogs batting - Pitching for Arizona State University Sun Devils : RHP Josh Wolford
|
Pitching: RHP Josh Wolford
|
|
Batting: RHB Nate McCormick
|
0-0: Ground out 4-3 (Groundball, 4M, EV 100.6 MPH)
|
Batting: LHB Dennis Klein
|
0-0: Called Strike 0-1: Foul Ball, location: 2F 0-2: Ball 1-2: Ground out 5-3 (Groundball, 5, EV 97.5 MPH)
|
Batting: LHB Casey Bass
|
0-0: Ball 1-0: Called Strike 1-1: Swinging Strike 1-2: Strikes out swinging
|
Top of the 1st over - 0 runs, 0 hits, 0 errors, 0 left on base; University of Georgia 0 - Arizona State University 0 |
BOTTOM OF THE 1ST |
Arizona State University Sun Devils batting - Pitching for University of Georgia Bulldogs : LHP Aloiki Orana
|
Pitching: LHP Aloiki Orana
|
|
Batting: LHB Timon Giorgiou
|
0-0: Ball 1-0: Foul Ball, location: 2F 1-1: Ball 2-1: Ball 3-1: Called Strike 3-2: DOUBLE (Groundball, 3L, EV 106.2 MPH) - OUT at third base trying to stretch hit.
|
Batting: RHB Kawenaula Kapali
|
0-0: SINGLE (Flyball, 7S, EV 85.0 MPH)
|
Batting: LHB Dustin Gill
|
0-0: Ball 1-0: Fielders Choice at 2nd, 4-6 (Groundball, 4M, EV 97.5 MPH)
|
Batting: RHB Chris DeLuise
|
0-0: Ball 1-0: Fly out, F7 (Flyball, 7LD, EV 93.8 MPH)
|
Bottom of the 1st over - 0 runs, 2 hits, 0 errors, 1 left on base; University of Georgia 0 - Arizona State University 0 |
TOP OF THE 2ND |
University of Georgia Bulldogs batting - Pitching for Arizona State University Sun Devils : RHP Josh Wolford
|
Batting: RHB Rodolfo Solis
|
0-0: Ball 1-0: Foul Ball, location: 2F 1-1: Ground out 5-3 (Groundball, 56S, EV 84.4 MPH)
|
Batting: LHB Luis Mejia
|
0-0: Foul Ball, location: 2F 0-1: Ball 1-1: Called Strike 1-2: Strikes out swinging
|
Batting: RHB Rich Gold
|
0-0: Ball 1-0: Ball 2-0: Called Strike 2-1: Foul Ball, location: 2F 2-2: Ground out 2-3 (Groundball, 2L, EV 68.8 MPH)
|
Top of the 2nd over - 0 runs, 0 hits, 0 errors, 0 left on base; University of Georgia 0 - Arizona State University 0 |
BOTTOM OF THE 2ND |
Arizona State University Sun Devils batting - Pitching for University of Georgia Bulldogs : LHP Aloiki Orana
|
Batting: SHB Manny Aponte
|
0-0: Ball 1-0: Ball 2-0: Called Strike 2-1: SOLO HOME RUN (Flyball, 78XD, EV 102.5 MPH), Distance : 393 ft
|
Batting: RHB John Burgis
|
0-0: Ball 1-0: Ball 2-0: Swinging Strike 2-1: Called Strike 2-2: Strikes out swinging
|
Batting: RHB Jun-hyuk Leem
|
0-0: Swinging Strike 0-1: Foul Ball, location: 2F 0-2: Ball 1-2: Ball 2-2: Foul Ball, location: 2F 2-2: Strikes out swinging
|
Batting: LHB Burraga Iukini
|
0-0: Foul Ball, location: 2F 0-1: Foul Ball, location: 2F 0-2: Ball 1-2: Ball 2-2: Foul Ball, location: 2F 2-2: TRIPLE (Groundball, 3L, EV 106.2 MPH)
|
Batting: RHB Carl Evans
|
0-0: Called Strike 0-1: Ball 1-1: Ball 2-1: Ball 3-1: Base on Balls
|
Batting: LHB Timon Giorgiou
|
0-0: Ball 1-0: Ball 2-0: Called Strike 2-1: Called Strike 2-2: Strikes out swinging
|
Bottom of the 2nd over - 1 run, 2 hits, 0 errors, 2 left on base; University of Georgia 0 - Arizona State University 1 |
TOP OF THE 3RD |
University of Georgia Bulldogs batting - Pitching for Arizona State University Sun Devils : RHP Josh Wolford
|
Batting: RHB Ed Howard
|
0-0: Called Strike 0-1: Foul Ball, location: 2F 0-2: Ground out 6-3 (Groundball, 56, EV 83.1 MPH)
|
Batting: RHB Pat Svenson
|
0-0: Ball 1-0: Foul Ball, location: 2F 1-1: Foul Ball, location: 2F 1-2: Ball 2-2: Foul Ball, location: 2F 2-2: Ball 3-2: Base on Balls
|
Batting: RHB Albert Rodriguez
|
0-0: Called Strike 0-1: Foul Ball, location: 2F 0-2: Strikes out swinging
|
Batting: RHB Nate McCormick
|
0-0: Ball 1-0: Swinging Strike 1-1: Ball 2-1: Called Strike 2-2: Strikes out swinging
|
Top of the 3rd over - 0 runs, 0 hits, 0 errors, 1 left on base; University of Georgia 0 - Arizona State University 1 |
BOTTOM OF THE 3RD |
Arizona State University Sun Devils batting - Pitching for University of Georgia Bulldogs : LHP Aloiki Orana
|
Batting: RHB Kawenaula Kapali
|
0-0: Called Strike 0-1: Ball 1-1: Ground out 4-3 (Groundball, 4M, EV 88.1 MPH)
|
Batting: LHB Dustin Gill
|
0-0: Called Strike 0-1: Ball 1-1: Ball 2-1: Foul Ball, location: 2F 2-2: Strikes out swinging
|
Batting: RHB Chris DeLuise
|
0-0: Ball 1-0: DOUBLE (Flyball, 8LD, EV 86.9 MPH)
|
Batting: SHB Manny Aponte
|
0-0: Swinging Strike 0-1: Ball 1-1: Fly out, F4 (Popup, 4MD, EV 42.5 MPH)
|
Bottom of the 3rd over - 0 runs, 1 hit, 0 errors, 1 left on base; University of Georgia 0 - Arizona State University 1 |
TOP OF THE 4TH |
University of Georgia Bulldogs batting - Pitching for Arizona State University Sun Devils : RHP Josh Wolford
|
Batting: LHB Dennis Klein
|
0-0: Foul Ball, location: 2F 0-1: Foul Ball, location: 2F 0-2: Foul Ball, location: 2F 0-2: Ball 1-2: Foul Ball, location: 2F 1-2: Ball 2-2: Fly out, F6 (Popup, 6, EV 71.2 MPH)
|
Batting: LHB Casey Bass
|
0-0: Ball 1-0: Ball 2-0: Ball 3-0: Called Strike 3-1: Swinging Strike 3-2: Base on Balls
|
Batting: RHB Rodolfo Solis
|
0-0: Ball 1-0: Ball 2-0: Ball 3-0: Called Strike 3-1: Base on Balls Casey Bass to second
|
Batting: LHB Luis Mejia
|
0-0: Ball 1-0: Called Strike 1-1: Swinging Strike 1-2: Strikes out swinging
|
Batting: RHB Rich Gold
|
0-0: Swinging Strike 0-1: Swinging Strike 0-2: Foul Ball, location: 2F 0-2: Foul Ball, location: 2F 0-2: Ground out U3 (Groundball, 34, EV 85.6 MPH)
|
Top of the 4th over - 0 runs, 0 hits, 0 errors, 2 left on base; University of Georgia 0 - Arizona State University 1 |
BOTTOM OF THE 4TH |
Arizona State University Sun Devils batting - Pitching for University of Georgia Bulldogs : LHP Aloiki Orana
|
Pitching: LHP Jon Lucas
|
|
Batting: RHB John Burgis
|
0-0: Called Strike 0-1: Ball 1-1: Ball 2-1: Ground out 6-3 (Groundball, 6, EV 86.2 MPH)
|
Batting: RHB Jun-hyuk Leem
|
0-0: Ball 1-0: Ground out 6-3 (Groundball, 6, EV 80.0 MPH)
|
Batting: LHB Burraga Iukini
|
0-0: Swinging Strike 0-1: Ball 1-1: Ball 2-1: Foul Ball, location: 2F 2-2: Ground out U3 (Groundball, 3, EV 80.0 MPH)
|
Bottom of the 4th over - 0 runs, 0 hits, 0 errors, 0 left on base; University of Georgia 0 - Arizona State University 1 |
TOP OF THE 5TH |
University of Georgia Bulldogs batting - Pitching for Arizona State University Sun Devils : RHP Josh Wolford
|
Batting: RHB Ed Howard
|
0-0: Called Strike 0-1: Ball 1-1: SOLO HOME RUN (Line Drive, 78XD, EV 110.6 MPH), Distance : 428 ft
|
Batting: RHB Pat Svenson
|
0-0: Ball 1-0: Ball 2-0: Foul Ball, location: 2F 2-1: Swinging Strike 2-2: Ball 3-2: Foul Ball, location: 2F 3-2: Fly out, F8 (Flyball, 8RD, EV 96.9 MPH)
|
Pitching: RHP Georges Pruvost
|
|
Batting: RHB Albert Rodriguez
|
0-0: Ball 1-0: Swinging Strike 1-1: Ball 2-1: Called Strike 2-2: Ball 3-2: Strikes out swinging
|
Batting: RHB Nate McCormick
|
0-0: Ball 1-0: SINGLE (Line Drive, 5D, EV 98.8 MPH)
|
Batting: LHB Dennis Klein
|
0-0: Ball Nate McCormick steals 2nd base 1-0: Called Strike 1-1: Swinging Strike 1-2: Foul Ball, location: 2F 1-2: Ball 2-2: Ball 3-2: Foul Ball, location: 2F 3-2: Ground out 5-3 (Groundball, 5, EV 86.9 MPH)
|
Top of the 5th over - 1 run, 2 hits, 0 errors, 1 left on base; University of Georgia 1 - Arizona State University 1 |
BOTTOM OF THE 5TH |
Arizona State University Sun Devils batting - Pitching for University of Georgia Bulldogs : LHP Jon Lucas
|
Batting: RHB Carl Evans
|
0-0: Ball 1-0: Called Strike 1-1: DOUBLE (Flyball, 8LXD, EV 96.2 MPH)
|
Batting: LHB Timon Giorgiou
|
0-0: Ball 1-0: SINGLE (Line Drive, 8LS, EV 90.6 MPH) Carl Evans to third
|
Batting: RHB Kawenaula Kapali
|
0-0: Swinging Strike 0-1: Called Strike 0-2: Ball 1-2: Foul Ball, location: 2F 1-2: Foul Ball, location: 2F 1-2: Strikes out swinging
|
Batting: LHB Dustin Gill
|
0-0: Ball 1-0: Called Strike 1-1: Ball 2-1: Foul Ball, location: 2F 2-2: Strikes out looking
|
Batting: RHB Chris DeLuise
|
0-0: Ball 1-0: Ball 2-0: Foul Ball, location: 2F 2-1: Swinging Strike 2-2: Ball 3-2: Foul Ball, location: 2F 3-2: Foul Ball, location: 2F 3-2: Foul Ball, location: 2F 3-2: Foul Ball, location: 2F 3-2: Base on Balls Timon Giorgiou to second
|
Pitching: LHP Cory Hartley
|
|
Batting: RHB Rusty Gee
|
0-0: Ball 1-0: Ball 2-0: SINGLE (Line Drive, 8LS, EV 91.2 MPH) Carl Evans scores Timon Giorgiou to third Chris DeLuise to second Throwing error, E8 Timon Giorgiou scores Chris DeLuise to third Rusty Gee to second
|
Batting: RHB John Burgis
|
0-0: Called Strike 0-1: Swinging Strike 0-2: Ball 1-2: Foul Ball, location: 2F 1-2: Foul Ball, location: 2F 1-2: Foul Ball, location: 2F 1-2: Ball 2-2: Strikes out swinging
|
Bottom of the 5th over - 2 runs, 3 hits, 1 error, 2 left on base; University of Georgia 1 - Arizona State University 3 |
TOP OF THE 6TH |
University of Georgia Bulldogs batting - Pitching for Arizona State University Sun Devils : RHP Georges Pruvost
|
Batting: LHB Casey Bass
|
0-0: Called Strike 0-1: Swinging Strike 0-2: Ball 1-2: Strikes out looking
|
Batting: RHB Rodolfo Solis
|
0-0: Foul Ball, location: 2F 0-1: SINGLE (Groundball, 6M, EV 105.6 MPH)
|
Batting: LHB Luis Mejia
|
0-0: Ball 1-0: Called Strike 1-1: Foul Ball, location: 2F 1-2: Foul Ball, location: 2F 1-2: Grounds into double play, 6-4-3 (Groundball, 6, EV 90.6 MPH)
|
Top of the 6th over - 0 runs, 1 hit, 0 errors, 0 left on base; University of Georgia 1 - Arizona State University 3 |
BOTTOM OF THE 6TH |
Arizona State University Sun Devils batting - Pitching for University of Georgia Bulldogs : LHP Cory Hartley
|
Batting: RHB Jun-hyuk Leem
|
0-0: Foul Ball, location: 2F 0-1: Foul Ball, location: 2F 0-2: Ball 1-2: Ball 2-2: Strikes out swinging
|
Batting: LHB Burraga Iukini
|
0-0: Ball 1-0: Foul Ball, location: 2F 1-1: Swinging Strike 1-2: Strikes out swinging
|
Batting: RHB Carl Evans
|
0-0: Ball 1-0: Ball 2-0: Called Strike 2-1: DOUBLE (Line Drive, 9LM, EV 108.8 MPH)
|
Pitching: RHP Bi`nh Heng
|
|
Batting: LHB Timon Giorgiou
|
0-0: Called Strike 0-1: Called Strike 0-2: Strikes out looking
|
Bottom of the 6th over - 0 runs, 1 hit, 0 errors, 1 left on base; University of Georgia 1 - Arizona State University 3 |
TOP OF THE 7TH |
University of Georgia Bulldogs batting - Pitching for Arizona State University Sun Devils : RHP Georges Pruvost
|
Pitching: LHP Jorge Ruiz
|
|
Batting: RHB Rich Gold
|
0-0: Fly out, F7 (Flyball, 7, EV 90.0 MPH)
|
Batting: RHB Ed Howard
|
0-0: Called Strike 0-1: Ball 1-1: Foul Ball, location: 2F 1-2: Strikes out swinging
|
Batting: RHB Pat Svenson
|
0-0: Ball 1-0: Foul Ball, location: 2F 1-1: Ground out 6-3 (Groundball, 6, EV 80.0 MPH)
|
Top of the 7th over - 0 runs, 0 hits, 0 errors, 0 left on base; University of Georgia 1 - Arizona State University 3 |
BOTTOM OF THE 7TH |
Arizona State University Sun Devils batting - Pitching for University of Georgia Bulldogs : RHP Bi`nh Heng
|
Pitching: RHP Li-zhu Liu
|
|
Batting: RHB Kawenaula Kapali
|
0-0: Foul Ball, location: 2F 0-1: Ball 1-1: Ground out 4-3 (Groundball, 4, EV 81.2 MPH)
|
Batting: LHB Dustin Gill
|
0-0: Ball 1-0: Called Strike 1-1: Called Strike 1-2: Foul Ball, location: 2F 1-2: Strikes out swinging
|
Batting: RHB Chris DeLuise
|
0-0: Ball 1-0: Ball 2-0: Ball 3-0: Called Strike 3-1: Called Strike 3-2: Foul Ball, location: 2F 3-2: Foul Ball, location: 2F 3-2: Base on Balls
|
Batting: RHB Rusty Gee
|
0-0: Ball 1-0: Ball 2-0: Ball 3-0: Called Strike 3-1: Fielders Choice at 2nd, 5-4 (Groundball, 5, EV 86.9 MPH)
|
Bottom of the 7th over - 0 runs, 0 hits, 0 errors, 1 left on base; University of Georgia 1 - Arizona State University 3 |
TOP OF THE 8TH |
University of Georgia Bulldogs batting - Pitching for Arizona State University Sun Devils : LHP Jorge Ruiz
|
Batting: RHB Albert Rodriguez
|
0-0: Ball 1-0: Foul Ball, location: 2F 1-1: Ground out 5-3 (Groundball, 56S, EV 68.1 MPH)
|
Batting: RHB Nate McCormick
|
0-0: Ball 1-0: Ball 2-0: Called Strike 2-1: Foul Ball, location: 2F 2-2: SINGLE (Groundball, 4MD, EV 103.8 MPH)
|
Batting: LHB Dennis Klein
|
0-0: Ball 1-0: Called Strike 1-1: Ball 2-1: Called Strike 2-2: Reached on error, E6 (Groundball, 6M, EV 105.6 MPH) Nate McCormick to third
|
Batting: LHB Casey Bass
|
0-0: Ball 1-0: Called Strike 1-1: Foul Ball, location: 2F 1-2: Ground out 6-3 (Groundball, 6S, EV 85.0 MPH) Nate McCormick scores
|
Batting: RHB Rodolfo Solis
|
0-0: Ball 1-0: Foul Ball, location: 2F 1-1: Foul Ball, location: 2F 1-2: Strikes out swinging
|
Top of the 8th over - 1 run, 1 hit, 1 error, 1 left on base; University of Georgia 2 - Arizona State University 3 |
BOTTOM OF THE 8TH |
Arizona State University Sun Devils batting - Pitching for University of Georgia Bulldogs : RHP Li-zhu Liu
|
Pitching: RHP Alex Vasquez
|
|
Batting: RHB John Burgis
|
0-0: Ball 1-0: Ground out 6-3 (Groundball, 6, EV 86.2 MPH)
|
Batting: RHB Jun-hyuk Leem
|
0-0: Ball 1-0: Ball 2-0: Called Strike 2-1: Ball 3-1: Base on Balls
|
Batting: LHB Burraga Iukini
|
0-0: Called Strike 0-1: Ball 1-1: Called Strike 1-2: Fielders Choice at 2nd, 4-6 (Groundball, 4, EV 107.5 MPH)
|
Batting: RHB Carl Evans
|
0-0: Ball 1-0: Called Strike Burraga Iukini is caught stealing 2nd base 2-4
|
Bottom of the 8th over - 0 runs, 0 hits, 0 errors, 0 left on base; University of Georgia 2 - Arizona State University 3 |
TOP OF THE 9TH |
University of Georgia Bulldogs batting - Pitching for Arizona State University Sun Devils : LHP Jorge Ruiz
|
Pitching: LHP Nick Segar
|
|
Pinch Hitting: RHB Javier Alcorta
|
0-0: Ball 1-0: Swinging Strike 1-1: Ball 2-1: Ball 3-1: Base on Balls
|
Batting: RHB Rich Gold
|
0-0: Bunt missed! 0-1: Bunt missed! 0-2: Foul Ball, location: 2F 0-2: Ball 1-2: Foul Ball, location: 2F 1-2: Ground out 5-3 (Groundball, 56, EV 83.8 MPH) Javier Alcorta to second
|
Batting: RHB Ed Howard
|
0-0: Ball 1-0: Foul Ball, location: 2F 1-1: Foul Ball, location: 2F 1-2: Strikes out swinging
|
Batting: RHB Pat Svenson
|
0-0: Fly out, F6 (Line Drive, 6, EV 71.9 MPH)
|
Top of the 9th over - 0 runs, 0 hits, 0 errors, 1 left on base; University of Georgia 2 - Arizona State University 3 |
|